 Dungeon Crawl Stone Soup version 0.28.0 (webtiles) character file.

Game seed: 11024549009341326759

1773 browni3141 the Cleaver (level 8, -7/73 HPs)
             Began as a Minotaur Berserker on Feb 17, 2022.
             Was a Priest of Trog.
             Killed from afar by an orc wizard (9 damage)
             ... with a puff of flame
             ... on level 6 of the Dungeon.
             The game lasted 00:03:06 (5923 turns).

browni3141 the Cleaver (Minotaur Berserker)         Turns: 5923, Time: 00:03:06

Health: -7/73      AC: 10    Str: 23    XL:     8   Next: 80%
Magic:  7/7        EV:  9    Int:  4    God:    Trog [***...]
Gold:   278        SH:  0    Dex: 11    Spells: 7/7 levels left

rFire   . . .      SeeInvis .   t - +0 war axe
rCold   . . .      Faith    .   (no shield)
rNeg    + . .      Spirit   .   f - +0 chain mail
rPois   .          Reflect  .   (helmet restricted)
rElec   .          Harm     .   (no cloak)
rCorr   +          Rampage  .   (no gloves)
Will    ++...                   (no boots)
Stlth   ..........              (no amulet)
HPRegen 1.22/turn               N - ring of positive energy
MPRegen 0.10/turn               R - ring of resist corrosion

@: strong-willed, on berserk cooldown, regenerating, slowed, very slow
A: horns 2, retaliatory headbutt
a: Renounce Religion, Berserk, Trog's Hand


You were on level 6 of the Dungeon.
You worshipped Trog.
Trog was most pleased with you.
You visited 1 branch of the dungeon, and saw 6 of its levels.
You also visited: Sewer.

You collected 278 gold pieces.


Innate Abilities, Weirdness & Mutations

You have a pair of horns on your head.
You reflexively headbutt those who attack you in melee.


   Skills:
 + Level 7.3 Fighting
 * Level 9.8 Axes
 + Level 2.3 Throwing
 + Level 6.8 Armour
 - Level 2.1 Dodging
 + Level 2.1 Evocations


You had 7 spell levels left.
You didn't know any spells.
Your spell library was empty.

Inventory:

Hand Weapons
 a - a +0 hand axe
 t - a +0 war axe (weapon)
Missiles
 y - 3 javelins (quivered)
 z - a throwing net
Armour
 b - a +0 animal skin
 f - a +0 chain mail (worn)
Jewellery
 n - a ring of positive energy
 N - a ring of positive energy (left hand)
 R - a ring of resist corrosion (right hand)
 W - a ring of magical power
Wands
 q - a wand of polymorph (12)
Scrolls
 e - 6 scrolls of teleportation {unknown}
 g - 3 scrolls of fear {unknown}
 h - a scroll of immolation {unknown}
 l - a scroll of enchant weapon {unknown}
 m - a scroll of amnesia {unknown}
 o - 2 scrolls of fog {unknown}
 r - 3 scrolls of identify {unknown}
 v - a scroll of summoning {unknown}
 w - 6 scrolls of blinking {unknown}
 x - a scroll of torment {unknown}
 A - a scroll of acquirement {unknown}
Potions
 c - 5 potions of curing {unknown}
 d - a potion of heal wounds {unknown}
 i - 2 potions of might {unknown}
 j - a potion of mutation {unknown}
 k - a potion of resistance {unknown}
 p - 3 potions of attraction {unknown}
 s - a potion of lignification {unknown}
 u - a potion of haste {unknown}
 B - a potion of brilliance {unknown}
 C - a potion of invisibility {unknown}

Dungeon Overview and Level Annotations

Branches:
Dungeon (6/15)             Temple (0/1) D:5           Sewer (visited)

Altars:
Makhleb
Vehumet

......... ##(.........
##........ ##.........##
#........###.).....)..#
#....[...##))#........#
#............#........#
...............##.######
#.......{o..............
#.......{###.####.####.#
#......@.# ..# # #.#
##.....#.....# #..
##...<......# ###
#...........(# #
#............# #
#............# ##....
.....## ##... #...##


You could see an orc.


Message History

Something hits you but does no damage.
Unknown command.
Something hits you but does no damage. Something hits you.
* * * LOW HITPOINT WARNING * * *
The orc hits you but does no damage. Something hits you but does no damage.
You feel less confused. Something hits you but does no damage.
Okay, then.
Your skin crawls.
You feel strong-willed. The orc hits you but does no damage.
Something hits you but does no damage. x2
The orc hits you with a +0 short sword.
* * * LOW HITPOINT WARNING * * *
You hear some strange, mumbled words.
A magic dart appears from out of thin air!
The magic dart hits you!
* * * LOW HITPOINT WARNING * * *
Something hits you.
* * * LOW HITPOINT WARNING * * *
Something shocks you.
* * * LOW HITPOINT WARNING * * *
Found 9 stones.
Something hits you.
* * * LOW HITPOINT WARNING * * *
Something shocks you.
* * * LOW HITPOINT WARNING * * *
You hear some strange, mumbled words.
A puff of flame appears from out of thin air!
The puff of flame hits you!
You die...

Skill      XL: |  1  2  3  4  5  6  7  8 |
---------------+-------------------------+-----
Axes           | 4 5 6 7 8 9 |  9.8
Fighting       | 4 5 6 7 |  7.3
Armour         | 3 4 5 6 |  6.8
Throwing       | 2 |  2.3
Evocations     | 2 |  2.1
Dodging        | |  2.1

Action                   |  1- 3 |  4- 6 |  7- 9 || total
-------------------------+-------+-------+-------++-------
Melee: Hand axe          |    67 |    33 |       ||   100
       Headbutt          |    10 |    15 |    25 ||    50
       Punch             |       |     1 |     3 ||     4
       War axe           |       |    56 |   144 ||   200
Invok: Berserk           |       |     3 |     4 ||     7
       Trog's Hand       |       |       |     1 ||     1
Armor: Chain mail        |    32 |    49 |    97 ||   178
Dodge: Dodged            |    40 |    42 |    62 ||   144

Levels and vault maps discovered:
D:1:      eino_arrival_water_cross, layout_loops_ring
D:2:      layout_basic, uniq_jessica
D:3:      layout_basic, vehumet_statue,
          hellmonk_ecumenical_altar_pennies_from_heaven, uniq_natasha
D:4:      minmay_recursive_quarters, layout_loops_corners,
          mainiacjoe_overflow_surrounded_room
D:5:      layout_rooms, minmay_temple_entry_wispy, gup_sewer_entry_bowl,
          kennysheep_cross_room
D:6:      layout_rooms, kennysheep_mini, serial_shops, kennysheep_little_box

Notes
Turn   | Place    | Note
-------+----------+-------------------------------------------
     0 | D:1      | browni3141 the Minotaur Berserker began the quest for the
                  | Orb.
     0 | D:1      | Reached XP level 1. HP: 19/19 MP: 0/0
   191 | D:1      | Reached skill level 4 in Axes
   191 | D:1      | Reached XP level 2. HP: 27/27 MP: 1/1
   700 | D:1      | Reached skill level 4 in Fighting
   759 | D:2      | Reached skill level 3 in Armour
   781 | D:2      | Reached ** piety under Trog
   782 | D:2      | Reached XP level 3. HP: 25/33 MP: 2/2
  1041 | D:2      | Noticed Jessica
  1046 | D:2      | Killed Jessica
  1047 | D:2      | Reached XP level 4. HP: 36/40 MP: 3/3
  1213 | D:2      | Reached skill level 5 in Axes
  1713 | D:3      | Found a radiant altar of Vehumet.
  1716 | D:3      | Noticed a charred statue
  1726 | D:3      | Killed a charred statue
  2269 | D:3      | Reached XP level 5. HP: 47/47 MP: 4/4
  2367 | D:3      | Found a faded altar of an unknown god.
  2415 | D:3      | Noticed Natasha
  2424 | D:3      | Killed Natasha
  2754 | D:3      | Noticed Natasha
  2759 | D:3      | Killed Natasha
  2760 | D:3      | Reached skill level 4 in Armour
  2774 | D:4      | Reached skill level 5 in Fighting
  2774 | D:4      | Reached skill level 6 in Axes
  3016 | D:4      | Noticed an ogre
  3024 | D:4      | Reached XP level 6. HP: 16/56 MP: 5/5
  3299 | D:4      | Reached skill level 7 in Axes
  3880 | D:4      | Reached skill level 5 in Armour
  4128 | D:4      | Reached XP level 7. HP: 54/62 MP: 6/6
  4227 | D:4      | Found a burning altar of Makhleb.
  4366 | D:5      | Entered Level 5 of the Dungeon
  4374 | D:5      | Reached *** piety under Trog
  4510 | D:5      | Reached skill level 6 in Fighting
  4593 | D:5      | Found a glowing drain.
  4597 | Sewer    | Entered a sewer
  4752 | Sewer    | Reached skill level 8 in Axes
  5257 | D:5      | Reached skill level 6 in Armour
  5257 | D:5      | Reached XP level 8. HP: 69/71 MP: 7/7
  5303 | D:5      | Found a staircase to the Ecumenical Temple.
  5434 | D:5      | Reached skill level 9 in Axes
  5434 | D:5      | Reached skill level 1 in Throwing
  5659 | D:6      | Reached skill level 1 in Evocations
  5755 | D:6      | Reached skill level 7 in Fighting
  5902 | D:6      | Reached skill level 2 in Throwing
  5913 | D:6      | Reached skill level 2 in Evocations
  5923 | D:6      | HP: 2/73 [something (6)]
  5923 | D:6      | Killed from afar by an orc wizard

Vanquished Creatures
  A water moccasin (D:5)
  An orc warrior (D:6)
  A sky beast (D:6)
  2 black bears (D:6)
  2 necrophages
  An ogre (D:4)
  A phantom (D:5)
  A scorpion (D:5)
  A water moccasin zombie (D:6)
  A water moccasin skeleton (D:5)
  A jelly (D:4)
  A gnoll shaman (D:5)
  2 orc priests (D:6)
  2 hounds
  3 bullfrog skeletons
  Jessica (D:2)
  A hell rat (Sewer)
  4 iguanas
  Natasha (twice) (D:3)
  An orc wizard (D:6)
  A statue (D:3)
  2 hound skeletons (D:4)
  A howler monkey zombie (D:4)
  8 adders
  5 gnolls (D:5)
  3 river rats
  2 ufetubi
  2 worms
  2 dart slugs
  16 orcs
  8 endoplasms
  8 giant cockroaches
  5 goblins
  7 hobgoblins
  7 quokkas
  6 ball pythons
  2 bats
  2 frilled lizards (D:1)
  3 kobolds
  6 rats
126 creatures vanquished.

Table legend: (Time is in decaauts)
 A = Elapsed time spent in this place.
 B = Non-inter-level travel time spent in this place.
 C = Inter-level travel time spent in this place.
 D = Time resting spent in this place.
 E = Time spent auto-exploring this place.
 F = Levels seen in this place.
 G = Mean time per level.
                   A        B        C        D        E       F      G
               +--------+--------+--------+--------+--------+-----+--------+
         Total |   6028 |   5918 |    110 |   1193 |   3857 |   7 |  861.1 |
       Dungeon |   5615 |   5505 |    110 |    985 |   3713 |   6 |  935.8 |
         Sewer |    413 |    413 |      0 |    208 |    144 |   1 |  413.0 |
               +--------+--------+--------+--------+--------+-----+--------+

Top non-repeatable levels by time:
     D:4: 1623 daAuts
     D:3: 1089 daAuts
     D:2: 943 daAuts
     D:5: 910 daAuts
     D:1: 756 daAuts
   Sewer: 413 daAuts
     D:6: 292 daAuts

Table legend:
 A = Non-vault XP
 B = Vault XP
 C = Vault XP percentage of total XP
 D = Non-vault monster count
 E = Vault monster count
 F = Vault count percentage of total count
                 A         B        C        D         E       F
            +---------+---------+-------+---------+---------+-------
      Total |    2133 |     400 |  15.8 |     103 |      23 |  18.3
            +---------+---------+-------+---------+---------+-------
        D:1 |      37 |       0 |   0.0 |      22 |       0 |   0.0
        D:2 |      73 |      37 |  33.6 |      18 |       1 |   5.3
        D:3 |      71 |      67 |  48.6 |       7 |       2 |  22.2
        D:4 |     262 |     214 |  45.0 |      16 |      10 |  38.5
        D:5 |     875 |      17 |   1.9 |      22 |       4 |  15.4
        D:6 |     815 |       0 |   0.0 |      18 |       0 |   0.0
      Sewer |       0 |      65 | 100.0 |       0 |       6 | 100.0
            +---------+---------+-------+---------+---------+-------
